 Dungeon Crawl Stone Soup version 0.27-a0-1557-g57f10a385c (webtiles) character file.

Game seed: 6102493434550582144

121 blackman the Firebug (level 5, 0/35 HPs)
             Began as a Human Fire Elementalist on July 15, 2021.
             Slain by a phantom (8 damage)
             ... on level 3 of the Dungeon.
             The game lasted 00:08:33 (7121 turns).

blackman the Firebug (Human Fire Elementalist)      Turns: 7121, Time: 00:08:34

Health: 0/35       AC:  3    Str:  9    XL:     5   Next: 26%
Magic:  1/9        EV: 12    Int: 16    God:
Gold:   118        SH:  0    Dex: 13    Spells: 8/9 levels left

rFire    . . .     SeeInvis .   i - staff of poison
rCold    . . .     Faith    .   (no shield)
rNeg     . . .     Spirit   .   e - +0 leather armour
rPois    +         Reflect  .   (no helmet)
rElec    .         Harm     .   (no cloak)
rCorr    .         Rampage  .   (no gloves)
Will     .....                  (no boots)
Stlth    ++........             n - amulet of regeneration
HPRegen  1.11/turn              (no ring)
MPRegen  0.11/turn              (no ring)

@: no status effects
A: no striking features
a: no special abilities


You were on level 3 of the Dungeon.
You visited 1 branch of the dungeon, and saw 3 of its levels.

You collected 118 gold pieces.

Inventory:

Hand Weapons
 c - a +0 short sword
Missiles
 d - 62 stones
 p - a throwing net
Armour
 a - a +0 robe
 b - a scarf of harm
 e - a +0 leather armour (worn)
Magical Staves
 i - a staff of poison (weapon)
Jewellery
 n - an amulet of regeneration (around neck)
Scrolls
 g - a scroll of enchant armour
 j - a scroll of teleportation {unknown}
 k - 2 scrolls of identify
 m - 2 scrolls of immolation {unknown}
 o - a scroll of fog {unknown}
 q - a scroll of vulnerability {unknown}
Potions
 f - a potion of heal wounds
 h - a potion of might
 l - 2 potions of curing {unknown}


   Skills:
 + Level 2.8 Dodging
 + Level 3.0 Stealth
 + Level 2.7 Spellcasting
 + Level 2.1 Conjurations
 + Level 3.6 Fire Magic


You had 8 spell levels left.
You knew the following spells:

 Your Spells              Type           Power      Damage    Failure   Level
a - Foxfire               Conj/Fire      44%        2x1d6     9%          1

Your spell library contained the following spells:

 Spells                   Type           Power      Damage    Failure   Level
 Conjure Flame            Conj/Fire      11%        6-21      26%         3
 Inner Flame              Hex/Fire       7%         N/A       36%         3
 Sticky Flame             Conj/Fire      11%        2d3       63%         4
 Fireball                 Conj/Fire      5%         3d5       93%         5


Dungeon Overview and Level Annotations

Branches:
Dungeon (3/15)

Altars:


Message History

The foxfire hits the phantom but does no damage.
The phantom is moderately damaged.
Casting: Foxfire (safe; 9% risk of failure)
Confirm with . or Enter, or press ? or * to list all spells.
You conjure some foxfire!
The foxfire hits the phantom.
The phantom is moderately damaged.
The foxfire hits the phantom.
The phantom is heavily damaged.
The phantom hits you.
Casting: Foxfire (safe; 9% risk of failure)
Confirm with . or Enter, or press ? or * to list all spells.
You conjure some foxfire!
The foxfire hits the phantom but does no damage.
The phantom is heavily damaged.
The phantom hits you.
The phantom blinks!
You blink.
Casting: Foxfire (safe; 9% risk of failure)
Confirm with . or Enter, or press ? or * to list all spells.
You conjure some foxfire!
The phantom hits you.
The phantom blinks!
You blink.
A rat comes into view.
Found a stone staircase leading down.
Casting: Foxfire (safe; 9% risk of failure)
Confirm with . or Enter, or press ? or * to list all spells.
You conjure some foxfire!
Your foxfire dissipates!
The phantom completely misses you.
The foxfire hits the phantom.
The phantom is severely damaged.
You closely miss the phantom.
The phantom is severely damaged.
The foxfire hits the phantom.
The phantom is severely damaged.
The foxfire hits the phantom.
The phantom is almost destroyed.
The foxfire hits the phantom.
The phantom is almost destroyed.
The foxfire hits the phantom but does no damage.
The phantom is almost destroyed.
The phantom hits you.
* * * LOW HITPOINT WARNING * * *
The phantom blinks!
You blink.
The phantom hits you!
You die...

#######.###.......§§.#####
...............§§.§§......
.######.........§§#§######
.# #..##.####§§#.# #### .#
#............§§§### .#. .#
#.#..##.####......>r.. ?.
.# #.#..##.####..........
##. .#
#..........W..#..$.... #..
.# ..#.###.###@########. #
.###...#.# . #.# #
........ #.# # ###.....
#.# # # #..... ..# #
###....# ### # .......# #
# ..#.#.## .# #
..#.#.###.# #


You could see a phantom.

Vanquished Creatures
  2 adders (D:2)
  3 gnolls (D:3)
  A worm (D:2)
  3 dart slugs (D:1)
  5 ball pythons
  2 endoplasms
  5 goblins
  9 hobgoblins
  4 jackals (D:3)
  4 kobolds
  4 quokkas
  8 bats
  2 frilled lizards
  12 rats
64 creatures vanquished.

Vanquished Creatures (others)
  166 foxfires
166 creatures vanquished.

Grand Total: 230 creatures vanquished

Notes
Turn   | Place    | Note
-------+----------+-------------------------------------------
     0 | D:1      | blackman the Human Fire Elementalist began the quest for
                  | the Orb.
     0 | D:1      | Reached XP level 1. HP: 13/13 MP: 3/3
   689 | D:1      | Reached XP level 2. HP: 16/19 MP: 3/5
   991 | D:1      | Found a faded altar of an unknown god.
  1521 | D:1      | Reached XP level 3. HP: 18/24 MP: 6/6
  3933 | D:2      | Reached XP level 4. HP: 30/30 MP: 2/7
  6834 | D:3      | Reached XP level 5. HP: 35/35 MP: 3/8
  7097 | D:3      | Noticed a phantom
  7121 | D:3      | Slain by a phantom

Illustrated notes

Levels and vault maps discovered:
D:1:      doesnt_arrival_eight_statues, layout_basic,
          hellmonk_ecumenical_altar_inner_sanctum
D:2:      kennysheep_six_static_rooms, layout_rooms, grunt_decor_fettered
D:3:      layout_loops_ring

Skill      XL: |  1  2  3  4  5 |
---------------+----------------+-----
Conjurations   | 2 |  2.1
Stealth        | 3 |  3.0
Dodging        | |  2.8
Spellcasting   | |  2.7
Fire Magic     | |  3.6

Action                   |  1- 3 |  4- 6 || total
-------------------------+-------+-------++-------
Melee: Short sword       |    65 |       ||    65
       Staff             |     1 |    46 ||    47
 Cast: Foxfire           |    38 |    66 ||   104
  Use: Scroll            |     3 |       ||     3
 Stab: Sleeping          |     1 |     1 ||     2
Armor: Robe              |     6 |       ||     6
       Leather armour    |    20 |    22 ||    42
Dodge: Dodged            |    52 |    73 ||   125

Table legend: (Time is in decaauts)
 A = Elapsed time spent in this place.
 B = Non-inter-level travel time spent in this place.
 C = Inter-level travel time spent in this place.
 D = Time resting spent in this place.
 E = Time spent auto-exploring this place.
 F = Levels seen in this place.
 G = Mean time per level.
                   A        B        C        D        E       F      G
               +--------+--------+--------+--------+--------+-----+--------+
         Total |   7135 |   7019 |    116 |   5156 |   1031 |   3 | 2378.3 |
       Dungeon |   7135 |   7019 |    116 |   5156 |   1031 |   3 | 2378.3 |
               +--------+--------+--------+--------+--------+-----+--------+

Top non-repeatable levels by time:
     D:1: 3047 daAuts
     D:2: 2881 daAuts
     D:3: 1206 daAuts
